 Dungeon Crawl Stone Soup version 0.22.1-2-g9c5b331 (webtiles) character file.

31439 Gearfox the Bludgeoner (level 13, -10/122 HPs)
             Began as a Minotaur Berserker on Dec 9, 2018.
             Was an Elder of Trog.
             Killed from afar by an efreet (22 damage)
             ... with a bolt of fire
             ... on level 14 of the Dungeon.
             The game lasted 01:12:23 (15120 turns).

Gearfox the Bludgeoner (Minotaur Berserker)        Turns: 15120, Time: 01:12:23

Health: -10/122    AC: 19    Str: 25    XL:     13   Next: 26%
Magic:  12/12      EV: 12    Int:  4    God:    Trog [****..]
Gold:   1293       SH:  0    Dex: 12    Spells: 12/12 levels left

rFire    . . .     SeeInvis .   a - +9 eveningstar
rCold    . . .     Gourm    .   (no shield)
rNeg     + . .     Faith    .   L - +1 plate armour
rPois    .         Spirit   .   (helmet restricted)
rElec    .         Reflect  .   I - +2 cloak {MR+}
rCorr    .         Harm     .   (no gloves)
MR       +....                  (no boots)
Stlth    ..........             K - amulet of regeneration
HPRegen  0.70/turn              e - +4 ring of evasion
MPRegen  0.13/turn              r - ring of positive energy

@: no status effects
A: retaliatory headbutt, horns 2
a: Berserk, Trog's Hand, Brothers in Arms, Renounce Religion


You were on level 14 of the Dungeon.
You worshipped Trog.
Trog was greatly pleased with you.
You were not hungry.

You visited 1 branch of the dungeon, and saw 14 of its levels.
You also visited: Bailey.

You collected 1293 gold pieces.

Inventory:

Hand Weapons
 a - a +9 eveningstar (weapon)
 b - a +0 hunting sling
 G - a +0 hunting sling
 M - the +10 broad axe "Ruuted" {drain, +Blink rF+++ MR- Int+5}
   (You found it on level 11 of the Dungeon)

   A truly terrible weapon, it drains the life of those it strikes.
   It affects your intelligence (+5).
   It renders you almost immune to fire.
   It affects your resistance to hostile enchantments.
   It lets you blink.
Missiles
 d - 212 sling bullets (quivered)
 k - 371 stones
 J - 18 poisoned needles
Armour
 m - a +0 cloak
 I - a +2 cloak of magic resistance (worn)
 L - a +1 plate armour (worn)
 Q - a cursed +0 pair of boots
Jewellery
 e - a +4 ring of evasion (left hand)
 g - an uncursed ring of protection from fire
 n - an uncursed ring of stealth
 r - a ring of positive energy (right hand)
 u - an uncursed amulet of the gourmand
 y - an uncursed ring of ice
 K - an amulet of regeneration (around neck)
 R - an uncursed ring of fire {unknown}
Wands
 h - a wand of iceblast (5)
 j - a wand of flame (40)
 p - a wand of digging (10)
 C - a wand of paralysis (20)
 F - a wand of polymorph (9)
Scrolls
 l - 3 scrolls of identify
 o - 9 scrolls of teleportation
 w - 10 scrolls of remove curse
 D - a scroll of magic mapping
 H - 2 scrolls of fear
Potions
 f - 6 potions of ambrosia
 i - a potion of cancellation
 q - 4 potions of brilliance
 s - a potion of lignification
 t - a potion of magic
 x - 3 potions of berserk rage
 z - a potion of flight
 A - 4 potions of curing
 B - 2 potions of heal wounds
 E - 2 potions of agility
 N - 2 potions of haste
 O - a potion of mutation
 P - 2 potions of invisibility
 S - a potion of might {unknown}
Comestibles
 c - 20 rations


   Skills:
 + Level 13.4 Fighting
 - Level 16.0 Maces & Flails
 + Level 11.5 Slings
 + Level 11.6 Armour
 - Level 2.1 Dodging


You had 12 spell levels left.
You didn't know any spells.
Your spell library was empty.

Dungeon Overview and Level Annotations

Branches:
Dungeon (14/15)            Temple (0/1) D:5            Lair (0/6) D:9
    Orc (0/2) D:10         Vaults (0/5) D:14

Altars:
Cheibriados
Kikubaaqudgha
Nemelex Xobeh

Portals:
Trove: D:10 (give 11 potions of heal wounds)

Annotations:
D:13 2 transporters, gruber's ghost, journeyman GnSk


Innate Abilities, Weirdness & Mutations

You reflexively headbutt those who attack you in melee.
You have a pair of horns on your head.


Message History

You destroy the centaur warrior zombie!
Trog accepts your kill. The ice beast misses you. You furiously retaliate!
You headbutt the ice beast! You closely miss the crocodile.
Your headbutt misses the crocodile.
Two slime creatures merge to form an enormous slime creature.
You bludgeon the crocodile!!
You kill the crocodile!
Trog accepts your kill.
Your life force feels restored.
The ice beast hits you but does no damage.
An efreet comes into view. It is wielding a scimitar of flaming.
The efreet gestures at you.
The fireball explodes!
The fireball engulfs you!
* * * LOW HITPOINT WARNING * * *
The fireball engulfs the ice beast.
The ice beast melts!
The ice beast dies!
You hear a bellow! x3
The efreet gestures at you. The bolt of fire hits you!
You die...

#...######.# . #.# #.# # #.#
.## #.# #.# #.# .. #.# #§# ##
#.# .. ..> #R. .. #.# #z
#.#####.##.# #.# #. #... .....
#.# #.######.#####.### #.#
#.)JJ....z.zz..@.# #.#
#..#############.# #.#
##..#)....#.....#.# #.#
....#.....'....)#.# #.#
###.#..⌠..'..⌠..#.# #.#
#.#.....'.....#.# #.#
#[#.....#.....#.# ##### #.#
#.##'''###'''##.####...# #.#
#.#.....#.....#......#.#####.#


You could see an efreet and 3 wights.

Vanquished Creatures
  Kirke (D:13)
  Fannar (D:11)
  3 vault guards (D:14)
  A centaur warrior (D:13)
  4 two-headed ogres
  Urug (D:10)
  5 skeletal warriors (D:13)
  2 wizards (D:14)
  Pikel (D:4)
  2 necromancers (D:14)
  2 deep elf magi (D:13)
  A manticore (D:12)
  Maurice (D:11)
  Joseph (D:7)
  Psyche (D:11)
  A komodo dragon (shapeshifter) (D:13)
  3 trolls
  Prince Ribbit (D:8)
  Grinder (D:5)
  3 hornets
  2 hippogriffs
  A vampire (D:10)
  2 wyverns
  10 yaks (D:9)
  Sigmund (D:2)
  A shadow (D:12)
  19 humans
  2 hogs (D:13)
  2 hungry ghosts
  3 vampire mosquitoes (D:12)
  Menkaure (D:5)
  Edmund (D:5)
  An acid dragon (D:13)
  A soldier ant (D:13)
  A water moccasin (D:8)
  2 porcupines (D:9)
  2 sky beasts
  A hornet zombie (D:14)
  5 orc warriors
  5 ice beasts
  4 black bears
  A phantom (D:7)
  A slave (D:4)
  3 ogres
  3 wolves (D:9)
  9 centaurs
  3 crocodiles
  Blork the orc (D:5)
  10 bullfrogs
  A wyvern zombie (D:9)
  A water moccasin zombie (D:5)
  A wyvern skeleton (D:9)
  A scorpion (D:14)
  5 jellies
  7 wights
  A bullfrog zombie (D:13)
  5 crimson imps
  4 centaur zombies
  2 quasits
  4 orc priests
  Crazy Yiuf (D:4)
  3 centaur skeletons
  3 iguanas
  5 hounds
  3 bullfrog skeletons
  Jessica (D:2)
  Natasha (thrice) (D:4)
  A gnoll shaman (D:5)
  9 worker ants
  Ijyb (D:3)
  8 orc wizards
  A killer bee zombie (D:10)
  A hound zombie (D:6)
  A hound skeleton (D:8)
  A worker ant zombie (D:7)
  11 gnolls
  16 adders
  3 shadow imps
  2 adder skeletons
  An adder zombie (D:6)
  3 worms
  11 leopard geckos
  39 orcs
  2 giant cockroaches (D:1)
  9 hobgoblins
  10 jackals
  21 kobolds
  5 quokkas
  A ball python (D:3)
  6 bats
  4 frilled lizards
  13 goblins
  A quokka zombie (D:5)
  5 rats (D:1)
371 creatures vanquished.

Vanquished Creatures (collateral kills)
  Erica (D:10)
  An orc knight (Bailey)
  A deep elf mage (D:12)
  An orc warrior (Bailey)
  3 howler monkeys (D:12)
  A worker ant (D:10)
8 creatures vanquished.

Vanquished Creatures (others)
  An unseen horror (D:12)
  A troll (D:13)
  A human (D:13)
  An ice beast (D:14)
  An orc wizard (D:4)
  A fungus (D:9)
  3 plants (D:9)
9 creatures vanquished.

Grand Total: 388 creatures vanquished

Notes
Turn   | Place    | Note
-------+----------+-------------------------------------------
     0 | D:1      | Gearfox the Minotaur Berserker began the quest for the Orb.
     0 | D:1      | Reached XP level 1. HP: 19/19 MP: 0/0
   380 | D:1      | Reached skill level 4 in Maces & Flails
   481 | D:1      | Reached XP level 2. HP: 27/27 MP: 1/1
   775 | D:1      | Reached ** piety under Trog
  1274 | D:2      | Reached XP level 3. HP: 33/33 MP: 2/2
  1341 | D:2      | Reached skill level 1 in Slings
  1448 | D:2      | Reached skill level 5 in Maces & Flails
  1448 | D:2      | Reached XP level 4. HP: 25/40 MP: 3/3
  1615 | D:2      | Noticed Sigmund
  1639 | D:2      | Killed Sigmund
  1639 | D:2      | Reached XP level 5. HP: 26/47 MP: 4/4
  1652 | D:2      | HP: 2/47 [poisoned by Sigmund]
  2085 | D:2      | Noticed Jessica
  2093 | D:2      | Killed Jessica
  2093 | D:2      | Reached XP level 6. HP: 55/55 MP: 5/5
  2605 | D:3      | Noticed Ijyb
  2620 | D:3      | Killed Ijyb
  2990 | D:3      | Reached skill level 5 in Fighting
  3333 | D:3      | Reached skill level 6 in Maces & Flails
  3722 | D:4      | Reached XP level 7. HP: 61/61 MP: 6/6
  3753 | D:4      | Noticed Natasha
  3757 | D:4      | Killed Natasha
  3915 | D:4      | Found a runed door.
  3920 | D:4      | Noticed Crazy Yiuf
  3925 | D:4      | Killed Crazy Yiuf
  3925 | D:4      | Reached skill level 5 in Slings
  4076 | D:4      | Noticed Natasha
  4085 | D:4      | Killed Natasha
  4129 | D:4      | Found an ancient bone altar of Kikubaaqudgha.
  4168 | D:4      | Noticed Natasha
  4175 | D:4      | Reached *** piety under Trog
  4181 | D:4      | Killed Natasha
  4528 | D:4      | Noticed Pikel
  4543 | D:4      | Killed Pikel
  4543 | D:4      | Reached skill level 7 in Maces & Flails
  4543 | D:4      | Reached XP level 8. HP: 62/70 MP: 7/7
  4598 | D:5      | Entered Level 5 of the Dungeon
  4768 | D:5      | Noticed Blork the orc
  4782 | D:5      | Killed Blork the orc
  4782 | D:5      | Reached skill level 8 in Maces & Flails
  4782 | D:5      | Reached skill level 5 in Armour
  5104 | D:5      | Noticed Menkaure
  5113 | D:5      | Killed Menkaure
  5230 | D:5      | Noticed Grinder
  5237 | D:5      | Paralysed by Grinder for 2 turns
  5246 | D:5      | Killed Grinder
  5246 | D:5      | Reached skill level 9 in Maces & Flails
  5483 | D:5      | Noticed Edmund
  5496 | D:5      | Killed Edmund
  5496 | D:5      | Reached XP level 9. HP: 78/78 MP: 8/8
  5561 | D:5      | Got a scorched spear
  5580 | D:5      | Identified the +1 spear "Yneopiukuo" {drain, Dex+5} (You
                  | found it on level 5 of the Dungeon)
  5717 | D:5      | Found a staircase to the Ecumenical Temple.
  5864 | D:6      | Noticed a two-headed ogre
  5871 | D:6      | Killed a two-headed ogre
  5871 | D:6      | Reached skill level 10 in Maces & Flails
  6265 | D:6      | Reached **** piety under Trog
  6265 | D:6      | Received a gift from Trog
  6608 | D:7      | Noticed Joseph
  7100 | D:7      | Killed Joseph
  7100 | D:7      | Reached skill level 11 in Maces & Flails
  7953 | D:8      | Found a flagged portal.
  7985 | Bailey   | Entered a bailey
  8000 | Bailey   | Reached XP level 10. HP: 88/88 MP: 9/9
  8229 | Bailey   | Noticed an orc knight
  8249 | Bailey   | Killed an orc knight
  8262 | Bailey   | Found a burning altar of Makhleb.
  8442 | D:8      | Noticed Prince Ribbit
  8467 | D:8      | Killed Prince Ribbit
  9755 | D:9      | Reached skill level 12 in Maces & Flails
  9824 | D:9      | Reached skill level 10 in Slings
  9922 | D:9      | Found a staircase to the Lair.
  9936 | D:9      | Reached XP level 11. HP: 94/97 MP: 10/10
 10048 | D:9      | Reached skill level 13 in Maces & Flails
 10056 | D:9      | Reached ***** piety under Trog
 10454 | D:10     | Entered Level 10 of the Dungeon
 10455 | D:10     | Found a staircase to the Orcish Mines.
 10501 | D:10     | Received a gift from Trog
 10576 | D:10     | Noticed Urug
 10965 | D:10     | Found a portal to a secret trove of treasure.
 11115 | D:10     | Noticed Erica
 11124 | D:10     | Killed Erica
 11125 | D:10     | Reached skill level 10 in Fighting
 11256 | D:10     | Received a gift from Trog
 11550 | D:10     | Killed Urug
 12102 | D:11     | Noticed a two-headed ogre
 12114 | D:11     | Noticed Psyche
 12118 | D:11     | Killed a two-headed ogre
 12118 | D:11     | Reached skill level 14 in Maces & Flails
 12142 | D:11     | Killed Psyche
 12435 | D:11     | Noticed Fannar
 12456 | D:11     | Killed Fannar
 12493 | D:11     | Noticed Maurice
 12506 | D:11     | Killed Maurice
 12534 | D:11     | Got an ancient broad axe
 12553 | D:11     | Identified the +10 broad axe "Ruuted" {drain, +Blink rF+++
                  | MR- Int+5} (You found it on level 11 of the Dungeon)
 12834 | D:12     | Found a snail-covered altar of Cheibriados.
 13249 | D:12     | Noticed a deep elf mage
 13262 | D:12     | Noticed a soul eater
 13265 | D:12     | Killed an unseen horror
 13285 | D:12     | Killed a deep elf mage
 13285 | D:12     | Reached XP level 12. HP: 104/108 MP: 11/11
 13441 | D:12     | Reached skill level 15 in Maces & Flails
 13683 | D:13     | Found a transporter.
 13754 | D:13     | Noticed gruber's ghost (journeyman GnSk)
 13781 | D:13     | Found a transporter.
 13801 | D:13     | Noticed Kirke
 13813 | D:13     | Killed Kirke
 13843 | D:13     | Noticed a two-headed ogre
 13855 | D:13     | Killed a two-headed ogre
 13855 | D:13     | Reached skill level 16 in Maces & Flails
 13872 | D:13     | Received a gift from Trog
 14072 | D:13     | Found a sparkling altar of Nemelex Xobeh.
 14130 | D:13     | Noticed a centaur warrior
 14148 | D:13     | Killed a centaur warrior
 14148 | D:13     | Reached skill level 10 in Armour
 14428 | D:14     | Noticed a two-headed ogre
 14448 | D:14     | Killed a two-headed ogre
 14708 | D:14     | Received a gift from Trog
 14708 | D:14     | Reached XP level 13. HP: 108/119 MP: 12/12
 14786 | D:14     | Found a gate to the Vaults.
 15120 | D:14     | Killed from afar by an efreet

Skill      XL: |  1  2  3  4  5  6  7  8  9 10 11 12 13 |
---------------+----------------------------------------+-----
Maces & Flails | 4 5 6 7 9 11 12 14 16 | 16.0
Fighting       | 4 5 6 8 9 10 12 13 | 13.4
Slings         | 1 3 4 6 7 8 10 11 | 11.5
Armour         | 3 4 5 6 7 8 10 11 | 11.6
Dodging        | |  2.1

Action                   |  1- 3 |  4- 6 |  7- 9 | 10-12 | 13-15 || total
-------------------------+-------+-------+-------+-------+-------++-------
Melee: Mace              |    69 |    66 |    37 |       |       ||   172
       Headbutt          |     7 |    14 |    35 |    93 |    18 ||   167
       Flail             |       |       |    50 |       |       ||    50
       Hunting sling     |       |       |     2 |       |       ||     2
       Dire flail        |       |       |   119 |   237 |       ||   356
       Eveningstar       |       |       |       |   229 |    91 ||   320
       Unarmed           |       |       |       |     4 |       ||     4
 Fire: Hunting sling     |    27 |    54 |   110 |   187 |       ||   378
Invok: Berserk           |       |     2 |     4 |     2 |       ||     8
       Trog's Hand       |       |     2 |     4 |     6 |     1 ||    13
       Brothers in Arms  |       |       |       |     6 |     1 ||     7
Evoke: Wand              |       |       |       |       |     2 ||     2
  Use: Scroll            |     5 |     3 |     8 |    20 |       ||    36
       Potion            |       |     3 |       |       |       ||     3
 Stab: Distracted        |       |       |       |     1 |       ||     1
  Eat: Chunk             |     2 |     6 |    20 |    18 |     3 ||    49
       Ration            |       |     1 |     2 |     2 |       ||     5
Armor: Animal skin       |    10 |       |       |       |       ||    10
       Ring mail         |    29 |    10 |    47 |       |       ||    86
       Chain mail        |       |    18 |     8 |       |       ||    26
       Leather armour    |       |       |    11 |     5 |       ||    16
       Plate armour      |       |       |       |   238 |    62 ||   300
       Skin              |       |       |       |     1 |       ||     1
Dodge: Dodged            |    63 |    48 |   192 |   270 |    27 ||   600
